 Dungeon Crawl Stone Soup version 0.29.0-4-gdea44cf6ec (webtiles) character file.

Game seed: 13209696855991306820

39 qw the Chopper (level 3, -2/23 HPs)
             Began as a Gargoyle Fighter on Sept 9, 2022.
             Killed from afar by a dart slug (3 damage)
             ... with a slug dart
             ... on level 2 of the Dungeon.
             The game lasted 00:00:39 (1014 turns).

qw the Chopper (Gargoyle Fighter)                   Turns: 1014, Time: 00:00:39

Health: -2/23      AC: 10    Str: 21    XL:     3   Next: 47%
Magic:  3/3        EV:  9    Int:  8    God:
Gold:   45         SH:  4    Dex:  9    Spells: 2/2 levels left

rFire   . . .      SeeInvis .   a - +0 war axe
rCold   . . .      Faith    .   c - +0 buckler
rNeg    + . .      Spirit   .   b - +0 scale mail
rPois   inf        Reflect  .   (no helmet)
rElec   +          Harm     .   (no cloak)
rCorr   .          Rampage  .   (no gloves)
Will    .....                   (no boots)
Stlth   ..........              (no amulet)
HPRegen 0.07/turn               (no ring)
MPRegen 0.08/turn               (no ring)

@: no status effects
A: sickness immunity, AC +3, negative energy resistance 1, electricity
resistance, torment resistance 1, petrification resistance
a: no special abilities


You were on level 2 of the Dungeon.
You visited 1 branch of the dungeon, and saw 2 of its levels.

You collected 45 gold pieces.


Innate Abilities, Weirdness & Mutations

You are immune to sickness and miasma.
Your stone body is resilient. (AC +3)
You are immune to poison.
You resist negative energy. (rN+)
You are resistant to electric shocks. (rElec)
You are resistant to unholy torment.
You are immune to petrification.


   Skills:
 - Level 3.2 Fighting
 + Level 3.4 Axes
 - Level 3.2 Armour
 - Level 3.2 Shields


You had 2 spell levels left.
You didn't know any spells.
Your spell library was empty.

Inventory:

Hand Weapons
 a - a +0 war axe (weapon)
 j - a +0 club
Armour
 b - a +0 scale mail (worn)
 c - a +0 buckler (worn)
 g - a +0 helmet
 o - a +0 pair of gloves
Jewellery
 i - an amulet of guardian spirit
Scrolls
 l - a scroll of magic mapping {unknown}
 m - a scroll of enchant weapon {unknown}
 n - a scroll of butterflies {unknown}
Potions
 d - a potion of might
 e - a potion of resistance {unknown}
 f - 2 potions of curing {unknown}
 h - a potion of degeneration {unknown}
 k - a potion of heal wounds {unknown}

Dungeon Overview and Level Annotations

Branches:
Dungeon (2/15)

Altars:
Elyvilon


Message History

You hit the bush but do no damage. x2
Something bites the bush.
You start resting.
Something bites the bush but does no damage.
Something bites the bush.
Something bites the bush but does no damage. x18
Something bites the bush.
The dart slug launches a dart at you. The slug dart misses you.
The dart slug bites the bush but does no damage.
The dart slug bites the bush but does no damage.
The dart slug bites the bush but does no damage.
The dart slug bites the bush but does no damage.
The dart slug bites the bush but does no damage.
The dart slug bites the bush but does no damage.
The dart slug bites the bush but does no damage.
The dart slug bites the bush but does no damage.
The dart slug bites the bush but does no damage.
The dart slug bites the bush.
The dart slug bites the bush but does no damage.
The dart slug bites the bush but does no damage.
The dart slug bites the bush but does no damage.
The dart slug launches a dart at you. The slug dart misses you.
The dart slug launches a dart at you. The slug dart hits you.
The dart slug briefly extends its eye-stalks.
The dart slug bites the bush.
The dart slug launches a dart at you.
The slug dart hits you but does no damage.
The dart slug bites the bush but does no damage.
The dart slug bites the bush but does no damage.
The dart slug launches a dart at you. The slug dart hits you.
The dart slug bites the bush.
The dart slug launches a dart at you. The slug dart hits you.
The dart slug launches a dart at you. The slug dart hits you.
You die...

#######P.P.P.P.P.P.+
.....#.....P.P.P.P.#
.......PPP.P.PPP.P.#
.......P.........P.##..
.......PPP.PPP.PPP...)~
.......P.P.P.P...P# #
.......P.P.P.PPP.P#)#
.......P...P.....P..###.
.......PPPPPPP.P@Pw.....
.......P....%..P.P.>....
.......PPP.PPPPPPP......
............#####.......
.####.>.....# ....... .
######### #######


You could see a dart slug.

Vanquished Creatures
  An adder (D:2)
  2 worms (D:2)
  2 dart slugs
  An endoplasm (D:2)
  A giant cockroach (D:2)
  3 goblins
  3 hobgoblins
  2 ball pythons (D:1)
  4 bats
  A frilled lizard (D:1)
  2 rats
22 creatures vanquished.

Notes
Turn   | Place    | Note
-------+----------+-------------------------------------------
     0 | D:1      | qw the Gargoyle Fighter began the quest for the Orb.
     0 | D:1      | Reached XP level 1. HP: 14/14 MP: 1/1
     0 | D:1      | 0 ||| qw: Version: 0.1-a-113-g051387a
     0 | D:1      | 0 ||| qw: Game counter: 7148
     0 | D:1      | 0 ||| qw: Always use a shield: true
     0 | D:1      | 0 ||| qw: God list: Okawaru
     0 | D:1      | 0 ||| qw: Allow faded altars: false
     0 | D:1      | 0 ||| qw: Do Orc after D:15 true
     0 | D:1      | 0 ||| qw: Do second Lair branch before Depths: true
     0 | D:1      | 0 ||| qw: Lair rune preference: random
     0 | D:1      | 0 ||| qw: Plans: Normal, Zot, God:TSO, Crypt, Tomb, Zig,
                  | Orb
     0 | D:1      | 0 ||| PLANNING D:1-11
   212 | D:1      | Reached XP level 2. HP: 15/19 MP: 2/2
   297 | D:1      | 297 ||| Stepping ~*~*~tactically~*~*~ (stealth).
   399 | D:1      | You fall into a shaft and drop 1 floor!
   447 | D:2      | Found a white marble altar of Elyvilon.
   511 | D:2      | Reached skill level 3 in Axes
   511 | D:2      | Reached XP level 3. HP: 11/23 MP: 3/3
   906 | D:2      | HP: 5/23 [dart slug/slug dart (2)]
  1010 | D:2      | HP: 2/23 [dart slug/slug dart (5)]
  1014 | D:2      | Killed from afar by a dart slug

Levels and vault maps discovered:
D:1:      onia_arrival_mini_maze, layout_basic, basic_ecumenical_altar
D:2:      layout_basic, basic_altar, amcnicky_mini_pool_small,
          minmay_hedge_maze, uniq_sigmund

Skill      XL: |  1  2 |
---------------+-------+-----
Axes           | 2 3 |  3.4
Fighting       | |  3.2
Armour         | |  3.2
Shields        | |  3.2

Action                   || total
-------------------------++-------
Melee: War axe           ||    69
Armor: Scale mail        ||    47
Dodge: Dodged            ||    42
Block: Buckler           ||    15

Table legend:
 A = Non-vault XP
 B = Vault XP
 C = Vault XP percentage of total XP
 D = Non-vault monster count
 E = Vault monster count
 F = Vault count percentage of total count
                 A         B        C        D         E       F
            +---------+---------+-------+---------+---------+-------
      Total |      56 |       1 |   1.8 |      21 |       1 |   4.5
            +---------+---------+-------+---------+---------+-------
        D:1 |      18 |       1 |   5.3 |      10 |       1 |   9.1
        D:2 |      38 |       0 |   0.0 |      11 |       0 |   0.0
            +---------+---------+-------+---------+---------+-------
